 Dungeon Crawl Stone Soup version 0.18.1-8-gdd0e5ea (webtiles) character file.

15922 Gargoyl the Protected (level 12, -8/95 HPs)
             Began as a Demonspawn Abyssal Knight on June 4, 2016.
             Was the Champion of Lugonu.
             Mangled by a rust devil (12 damage)
             ... summoned by an orc sorcerer
             ... on level 1 of the Orcish Mines.
             The game lasted 00:44:30 (17650 turns).

Gargoyl the Protected (Demonspawn Abyssal Knight)  Turns: 17650, Time: 00:44:31

Health: -8/95      AC:  1    Str: 18    XL:     12   Next: 5%
Magic:  14/14      EV: 10    Int: 14    God:    Lugonu [******]
Gold:   399        SH:  0    Dex: 18    Spells: 0 memorised, 11 levels left

rFire  . . .     SeeInvis .     d - +4 war axe (venom)
rCold  + . .     Gourm    .     a - +0 plate armour
rNeg   . . .     Faith    .     (no shield)
rPois  .         Spirit   .     (helmet restricted)
rElec  .         Dismiss  .     e - +2 cloak
rCorr  .         Reflect  .     H - +2 pair of gloves
SustAt .         Harm     .     B - +1 pair of boots
MR     .....                    (no amulet)
Stlth  ..........               F - ring "Xovuv" {EV+1 Str+2}
                                v - ring of flight

@: liquid flames, corroded, very slightly contaminated, glowing, not resistant
to hostile enchantments, extremely unstealthy
A: horns 1, thin skeletal structure 2, cold resistance 1, icemail, freezing
cloud immunity
a: Depart the Abyss, Bend Space, Banish, Corrupt, Enter the Abyss, Brand Weapon
With Distortion, Renounce Religion, Evoke Flight


You were on level 1 of the Orcish Mines.
You worshipped Lugonu.
Lugonu was exalted by your worship.
You were hungry.

You visited 2 branches of the dungeon, and saw 12 of its levels.
You visited the Abyss 1 time.

You collected 800 gold pieces.
You spent 401 gold pieces at shops.

Inventory:

Hand Weapons
 d - a +4 war axe of venom (weapon)
 l - a +0 battleaxe of chopping
 w - a +1 flail of protection
 D - a +1 spear of venom
Missiles
 h - 5 tomahawks of returning (quivered)
Armour
 a - a +0 plate armour (worn)
 e - a +2 cloak (worn)
 B - a +1 pair of boots (worn)
 H - a +2 pair of gloves (worn)
Jewellery
 v - a ring of flight (left hand)
 F - the ring "Xovuv" (right hand) {EV+1 Str+2}
   (You found it on level 5 of the Dungeon)

   [ring of evasion]

   It affects your evasion (+1).
   It affects your strength (+2).
 Q - an uncursed ring of ice
Wands
 i - a wand of iceblast (11/15)
 q - a wand of polymorph (12/24)
 y - a wand of confusion (30/48)
 G - a wand of random effects (39/48)
 K - a wand of random effects (27/48)
 N - a wand of paralysis (14/24)
Scrolls
 g - 8 scrolls of identify
 n - 3 scrolls of fear
 o - 3 scrolls of fog
 r - a scroll of recharging
 t - 4 scrolls of remove curse
 J - 3 scrolls of teleportation
 P - a scroll of amnesia
Potions
 b - 2 potions of curing
 f - 2 potions of might
 k - 2 potions of magic
 m - a potion of ambrosia
 p - a potion of agility
 z - 2 potions of cure mutation
 I - 5 potions of resistance
Books
 O - a book of Beasts

   Spells                             Type                      Level
   a - Summon Butterflies             Summoning                    1
   b - Call Canine Familiar           Summoning                    3
   c - Summon Ice Beast               Ice/Summoning                4
   d - Summon Mana Viper              Hexes/Summoning              5
   e - Summon Hydra                   Summoning                    7
Comestibles
 c - 3 bread rations
 j - 4 meat rations
 s - 2 slices of pizza
 u - 3 beef jerkies
 A - 8 royal jellies
 M - 3 chunks of flesh


   Skills:
 + Level 9.2 Fighting
 + Level 9.8 Axes
 * Level 12.0 Armour
 + Level 4.6 Dodging
 + Level 1.2 Stealth
 + Level 3.9 Invocations
 + Level 1.2 Evocations


You had 11 spell levels left.
You didn't know any spells.

Dungeon Overview and Level Annotations

Branches:
Dungeon (11/15)            Temple (0/1) D:7            Lair (0/8) D:10
    Orc (1/2) D:10

Altars:
Dithmenos
Kikubaaqudgha
Pakellas
Ru
Vehumet
Zin
The Shining One
Beogh

Shops:
D:6 [   D:7 [   D:8 (   D:9 ?

Annotations:
Abyss:1 Psyche


Innate Abilities, Weirdness & Mutations

You have a pair of small horns on your head.
You have a moderately thin skeletal structure (Dex +4, Stealth+).
Your flesh is cold resistant.
A meltable icy envelope protects you from harm (AC +0).
You are immune to freezing clouds.


Message History

You are covered in liquid flames!
* * * LOW HITPOINT WARNING * * *
The rust devil hits you!
* * * LOW HITPOINT WARNING * * *
The rust devil corrodes you!
You slash the orc sorcerer!
The orc sorcerer is almost dead.
You hit the smoke demon but do no damage.
You hit the rust devil but do no damage.
The rust devil is poisoned.
The rust devil is lightly wounded.
You are covered in liquid flames!
* * * LOW HITPOINT WARNING * * *
You kill the orc sorcerer!
Lugonu accepts your kill. The smoke demon gestures at you.
Something smites you!
* * * LOW HITPOINT WARNING * * *
The rust devil hits you!
You die...

##.##..............#..##
#.................#...#
##.##........##........#
# #.....#...........##
#...#.$.#.....#.#...#
##.###.####...####.##
####)## #...## ###
##...# ...## #3@.####.#
#...)4..# ...#.....## .
###.$.. ...... ........
......#.. ...........


You could see a rust devil and a smoke demon.

Vanquished Creatures
  Fannar (D:10)
  An orc knight (D:10)
  5 hill giants
  3 orc sorcerers
  A komodo dragon (D:10)
  A troll (D:9)
  A two-headed ogre (D:11)
  A hill giant zombie (D:10)
  A wyvern (D:10)
  9 yaks
  A hungry ghost (D:10)
  A hippogriff (D:11)
  A water moccasin (D:6)
  2 eyes of draining
  7 orc warriors
  A wasp (D:8)
  5 ice beasts
  3 phantoms
  2 sky beasts
  6 ogres
  2 wolves (D:10)
  3 centaurs
  3 big kobolds
  2 giant frogs
  A water moccasin skeleton (D:5)
  10 scorpions
  A troll zombie (D:10)
  19 wights
  The ghost of Leafly the Skirmisher, a weakling DsAK of Lugonu (D:4)
  9 killer bees
  4 howler monkeys
  4 crimson imps
  11 hounds
  A quasit (D:9)
  2 giant frog zombies
  5 giant frog skeletons
  3 gnoll shamans (D:3)
  6 orc priests
  3 centaur skeletons
  3 iguanas
  8 jellies
  Jessica (D:3)
  Ijyb (D:2)
  12 orc wizards
  10 worker ants
  A killer bee zombie (D:10)
  5 ogre zombies (D:10)
  A howler monkey zombie (D:6)
  2 worker ant zombies
  35 gnolls (D:3)
  12 adders
  2 shadow imps
  5 oozes (D:8)
  An adder skeleton (D:8)
  4 worms
  2 dart slugs (D:3)
  8 giant geckos
  42 orcs
  4 giant cockroaches
  8 goblins
  5 hobgoblins
  22 jackals
  2 quokkas
  2 ball pythons
  8 bats
  A giant gecko zombie (D:5)
  3 giant newts
  2 goblin skeletons (D:10)
  4 goblin zombies (D:10)
  10 hobgoblin zombies
  12 kobolds
  A kobold skeleton (D:4)
  3 orc skeletons (D:10)
  15 orc zombies
  8 rats
408 creatures vanquished.

Vanquished Creatures (others)
  A deep elf mage (D:9)
  2 crimson imps
  An orc (Orc:1)
4 creatures vanquished.

Grand Total: 412 creatures vanquished

Notes
Turn   | Place    | Note
--------------------------------------------------------------
     0 | Abyss:1  | Gargoyl the Demonspawn Abyssal Knight began the quest for the Orb.
     0 | Abyss:1  | Reached XP level 1. HP: 18/18 MP: 2/2
    67 | Abyss:2  | Noticed a ynoxinul
    70 | D:1      | Escaped the Abyss
    97 | D:1      | Reached * piety under Lugonu
   220 | D:1      | Reached skill level 1 in Dodging
   361 | D:1      | Reached skill level 2 in Armour
   361 | D:1      | Gained mutation: You have a somewhat thin skeletal structure (Dex +2, Stealth). [demonic ancestry]
   361 | D:1      | Reached XP level 2. HP: 18/24 MP: 3/3
  1342 | D:2      | Gained mutation: You have a moderately thin skeletal structure (Dex +4, Stealth+). [demonic ancestry]
  1342 | D:2      | Reached XP level 3. HP: 19/29 MP: 5/5
  1458 | D:2      | Found an ancient bone altar of Kikubaaqudgha.
  1665 | D:2      | Noticed Ijyb
  1684 | D:2      | Killed Ijyb
  1730 | D:2      | Reached ** piety under Lugonu
  1730 | D:2      | Reached XP level 4. HP: 35/35 MP: 6/6
  1890 | D:2      | Reached skill level 3 in Armour
  2631 | D:3      | Gained mutation: Your flesh is cold resistant. [demonic ancestry]
  2631 | D:3      | Reached XP level 5. HP: 40/41 MP: 7/7
  2835 | D:3      | Noticed Jessica
  2853 | D:3      | Killed Jessica
  2887 | D:3      | Reached skill level 4 in Armour
  2995 | D:3      | Reached *** piety under Lugonu
  3390 | D:3      | Gained mutation: You are immune to freezing clouds. [demonic ancestry]
  3390 | D:3      | Reached XP level 6. HP: 31/48 MP: 8/8
  4174 | D:3      | Reached skill level 5 in Armour
  4235 | D:4      | Found a glowing silver altar of Zin.
  4713 | D:3      | Reached XP level 7. HP: 12/54 MP: 9/9
  5461 | D:3      | Reached **** piety under Lugonu
  5753 | D:3      | Reached skill level 6 in Armour
  6118 | D:4      | Found a glowing golden altar of the Shining One.
  6341 | D:4      | Noticed Leafly's ghost (weakling DsAK)
  6429 | D:4      | Killed Leafly's ghost
  6856 | D:4      | Found a radiant altar of Vehumet.
  6989 | D:4      | Gained mutation: You have a pair of small horns on your head. [demonic ancestry]
  6989 | D:4      | Reached XP level 8. HP: 43/61 MP: 10/10
  7330 | D:5      | Entered Level 5 of the Dungeon
  8159 | D:5      | Reached skill level 7 in Armour
  8694 | D:5      | Got a warped amber ring
  8695 | D:5      | Identified the ring "Xovuv" {EV+1 Str+2} (You found it on level 5 of the Dungeon)
  8849 | D:6      | Found Ukick's Antique Armour Shop.
  8863 | D:6      | Bought a pair of gloves for 103 gold pieces
  8887 | D:6      | Found a shadowy altar of Dithmenos.
  8905 | D:6      | Reached skill level 5 in Fighting
  9586 | D:6      | Reached skill level 8 in Armour
  9635 | D:6      | Reached skill level 1 in Stealth
  9686 | D:6      | Reached XP level 9. HP: 62/68 MP: 11/11
 10042 | D:7      | Found a staircase to the Ecumenical Temple.
 10201 | D:7      | Found Naixtun's Armour Shoppe.
 10232 | D:7      | Reached skill level 1 in Evocations
 10273 | D:7      | Reached skill level 5 in Axes
 10820 | D:8      | Found Ibed's Antique Weapon Boutique.
 10825 | D:8      | Bought a glowing battleaxe for 214 gold pieces
 10835 | D:8      | Reached skill level 9 in Armour
 11106 | D:8      | Found a sacrificial altar of Ru.
 11217 | D:8      | Reached ***** piety under Lugonu
 11929 | D:9      | HP: 2/69 [yak (11)]
 12277 | D:9      | Noticed a hill giant
 12290 | D:9      | Killed a hill giant
 12290 | D:9      | Reached skill level 10 in Armour
 12290 | D:9      | Gained mutation: A meltable icy envelope protects you from harm (AC +0). [demonic ancestry]
 12290 | D:9      | Reached XP level 10. HP: 20/77 MP: 12/12
 12612 | D:9      | Noticed a deep elf mage
 12627 | D:9      | HP: 3/77 [deep elf mage/bolt of magma (18)]
 12630 | D:9      | Banished a deep elf mage
 13054 | D:9      | Found Weazxal's Magic Scroll Boutique.
 13077 | D:9      | Bought a scroll of teleportation for 42 gold pieces
 13077 | D:9      | Bought a scroll of teleportation for 42 gold pieces
 13573 | D:10     | Entered Level 10 of the Dungeon
 13678 | D:10     | Found a staircase to the Lair.
 13680 | D:10     | Noticed a hill giant
 13914 | D:10     | Noticed a hill giant
 13938 | D:10     | Killed a hill giant
 14322 | D:10     | Killed a hill giant
 14322 | D:10     | Reached XP level 11. HP: 81/84 MP: 13/13
 14355 | D:10     | Reached skill level 11 in Armour
 14369 | D:10     | Gained mutation: Your flesh is heat resistant. [mutagenic meat]
 14429 | D:10     | Found an oddly glowing altar of Pakellas.
 14551 | D:10     | Found a staircase to the Orcish Mines.
 14558 | D:10     | Noticed Psyche
 15231 | D:10     | Banished Psyche
 15292 | D:10     | Noticed a hill giant
 15304 | D:10     | Killed a hill giant
 15480 | D:10     | Noticed a hill giant
 15492 | D:10     | Killed a hill giant
 16096 | D:11     | Reached ****** piety under Lugonu
 16882 | Orc:1    | Entered Level 1 of the Orcish Mines
 16882 | Orc:1    | Noticed Fannar
 16882 | Orc:1    | Noticed an orc sorcerer
 16882 | Orc:1    | Noticed an orc sorcerer
 16884 | Orc:1    | Noticed an orc knight
 16962 | D:10     | Killed an orc sorcerer
 17054 | D:10     | Killed an orc knight
 17202 | Orc:1    | Paralysed by an orc sorcerer for 3 turns
 17226 | D:10     | Killed Fannar
 17395 | D:10     | Reached skill level 12 in Armour
 17518 | Orc:1    | Killed an orc sorcerer
 17518 | Orc:1    | Reached XP level 12. HP: 82/95 MP: 14/14
 17526 | Orc:1    | Found a roughly hewn altar of Beogh.
 17578 | Orc:1    | Lost mutation: Your flesh is heat resistant. [potion of cure mutation]
 17650 | Orc:1    | HP: 4/95 [smoke demon/divine providence[an orc sorcerer] (8)]
 17650 | Orc:1    | Mangled by a rust devil

Skill      XL: |  1  2  3  4  5  6  7  8  9 10 11 |
---------------+----------------------------------+-----
Dodging        | 1 2 3 4 |  4.6
Armour         | 2 3 4 5 6 8 10 12 | 12.0
Axes           | 2 3 4 6 7 9 |  9.8
Fighting       | 4 5 6 7 9 |  9.2
Stealth        | 1 |  1.2
Evocations     | 1 |  1.2
Invocations    | 3 |  3.9

Action                   |  1- 3 |  4- 6 |  7- 9 | 10-12 || total
-------------------------+-------+-------+-------+-------++-------
Melee: Hand axe          |   103 |   384 |   508 |       ||   995
       Spear             |       |       |    44 |       ||    44
       Headbutt          |       |       |   125 |   128 ||   253
       War axe           |       |       |   135 |   125 ||   260
       Battleaxe         |       |       |    94 |   399 ||   493
Throw: Tomahawk          |       |     1 |     2 |       ||     3
Invok: Depart the Abyss  |     1 |       |       |       ||     1
       Banish            |       |     1 |     1 |     2 ||     4
       Bend Space        |       |       |     4 |       ||     4
Evoke: Wand              |       |       |     9 |       ||     9
  Use: Scroll            |       |     1 |    19 |     1 ||    21
       Potion            |       |       |    11 |    10 ||    21
 Stab: Distracted        |       |       |       |     1 ||     1
  Eat: Chunk             |     2 |    11 |    25 |     8 ||    46
       Royal jelly       |       |       |     1 |     1 ||     2
       Bread ration      |       |       |       |     3 ||     3
       Meat ration       |       |       |       |     1 ||     1
Armor: Ring mail         |    24 |       |       |       ||    24
       Chain mail        |    81 |   328 |   356 |       ||   765
       Skin              |       |       |    59 |       ||    59
       Plate armour      |       |       |   159 |   661 ||   820
Dodge: Dodged            |    56 |   186 |   357 |   360 ||   959
